 Dungeon Crawl Stone Soup version 0.22.1-6-g1668fe2 (webtiles) character file.

397 Fang the Chopper (level 6, -9/39 HPs)
             Began as a Gargoyle Berserker on Jan 25, 2019.
             Was a Priest of Trog.
             Blown up by an orc wizard (20 damage)
             ... with a wand of disintegration (7)
             ... on level 4 of the Dungeon.
             The game lasted 00:03:46 (3519 turns).

Fang the Chopper (Gargoyle Berserker)               Turns: 3519, Time: 00:03:47

Health: -9/39      AC: 16    Str: 22    XL:     6   Next: 83%
Magic:  6/6        EV:  7    Int:  8    God:    Trog [***...]
Gold:   250        SH:  0    Dex:  9    Spells: 5/5 levels left

rFire    . . .     SeeInvis .   a - +0 hand axe
rCold    . . .     Gourm    .   (no shield)
rNeg     + . .     Faith    .   p - +0 plate armour
rPois    ∞         Spirit   .   (no helmet)
rElec    +         Reflect  .   (no cloak)
rCorr    .         Harm     .   (no gloves)
MR       .....                  (no boots)
Stlth    ..........             (no amulet)
HPRegen  0.13/turn              (no ring)
MPRegen  0.10/turn              (no ring)

@: berserk cooldown, slowed, very slow
A: negative energy resistance 1, electricity resistance, unbreathing,
petrification resistance, rot immunity, AC +4
a: Berserk, Trog's Hand, Renounce Religion


You were on level 4 of the Dungeon.
You worshipped Trog.
Trog was most pleased with you.
You were very hungry.

You visited 2 branches of the dungeon, and saw 5 of its levels.

You collected 250 gold pieces.

Inventory:

Hand Weapons
 a - a +0 hand axe (weapon)
Armour
 p - a +0 plate armour (worn)
Jewellery
 o - an uncursed ring of flight {unknown}
Wands
 q - a wand of acid (6)
Scrolls
 d - a scroll of enchant armour {unknown}
 f - 4 scrolls of magic mapping {unknown}
 g - a scroll of remove curse {unknown}
 h - a scroll of noise {unknown}
 i - 3 scrolls of teleportation {unknown}
 k - 2 scrolls of amnesia {unknown}
 l - 2 scrolls of immolation {unknown}
 n - 5 scrolls of identify {unknown}
Potions
 b - a potion of mutation {unknown}
 e - 3 potions of haste {unknown}
 j - a potion of brilliance {unknown}
 m - a potion of lignification {unknown}
 s - a potion of agility {unknown}
 t - a potion of degeneration {unknown}
 u - a potion of curing {unknown}
Comestibles
 c - 10 rations


   Skills:
 + Level 4.4 Fighting
 + Level 5.4 Axes
 + Level 3.6 Armour
 + Level 2.1 Dodging
 + Level 0.2 Stealth


You had 5 spell levels left.
You didn't know any spells.
Your spell library was empty.

Dungeon Overview and Level Annotations

Branches:
Dungeon (4/15)             Temple (1/1) D:4

Altars:
Vehumet
Xom


Innate Abilities, Weirdness & Mutations

You are resistant to torment.
Your stone body is resilient. (AC +4)
You are immune to poison.
You resist negative energy. (rN+)
You are resistant to electric shocks. (rElec)
You can survive without breathing.
You are immune to petrification.
You are immune to rotting.


Message History

The orc wizard barely misses you. The orc hits you but does no damage.
The orc wizard hits you with a dagger.
Unknown command.
You hit the orc wizard but do no damage.
The orc wizard is severely wounded.
You hit the orc.
The orc wizard zaps a wand.
You are blasted!
* * * LOW HITPOINT WARNING * * *
The orc hits you but does no damage.
A worker ant comes into view.
The orc wizard casts a spell at you. The magic dart hits you!
You closely miss the orc wizard.
The orc wizard is severely wounded.
The worker ant twitches its antennae in your direction.
You hit the orc.
You kill the orc!
Trog accepts your kill.
The orc wizard zaps a wand.
You are blasted!
Ouch! That really hurt!
You die...

#+# #a. ... ...
..# .. #.# ##...
...........
.#.#..... ......
########.#.###.#
.......†@)......
########o#.....#
#.)[#######
#..(.......
######...######
#.. #..........#
#.#.#
#..........#
#.#.#
#.....(....#
#.#.#
#..........#
#.#.#


You could see a worker ant and an orc wizard.

Vanquished Creatures
  A bullfrog (D:2)
  A scorpion (D:4)
  A hound (D:4)
  Crazy Yiuf (D:2)
  An orc priest (D:4)
  An orc wizard (D:4)
  Robin (D:2)
  An adder (D:3)
  3 gnolls (D:3)
  An ooze (D:1)
  A worm (D:3)
  5 dart slugs
  3 leopard geckos
  8 orcs
  5 giant cockroaches
  15 goblins
  11 hobgoblins
  A jackal (D:4)
  5 kobolds
  3 quokkas
  3 ball pythons
  6 bats
  9 frilled lizards
  6 rats
93 creatures vanquished.

Notes
Turn   | Place    | Note
-------+----------+-------------------------------------------
     0 | D:1      | Fang the Gargoyle Berserker began the quest for the Orb.
     0 | D:1      | Reached XP level 1. HP: 14/14 MP: 1/1
    47 | D:1      | Reached XP level 2. HP: 8/19 MP: 2/2
   318 | D:1      | Reached skill level 3 in Axes
   441 | D:1      | Reached XP level 3. HP: 21/24 MP: 3/3
   579 | D:1      | Reached ** piety under Trog
  1205 | D:2      | Noticed Robin
  1221 | D:2      | Killed Robin
  1221 | D:2      | Reached XP level 4. HP: 17/29 MP: 4/4
  1588 | D:2      | Found a runed door.
  1760 | D:2      | Noticed a bullfrog
  1774 | D:2      | Killed a bullfrog
  1774 | D:2      | Reached skill level 4 in Axes
  1774 | D:2      | Reached XP level 5. HP: 21/33 MP: 5/5
  1813 | D:2      | Found a radiant altar of Vehumet.
  2092 | D:2      | Found a shimmering altar of Xom.
  2214 | D:2      | Noticed Crazy Yiuf
  2228 | D:2      | Killed Crazy Yiuf
  2822 | D:3      | Reached *** piety under Trog
  2826 | D:3      | Reached XP level 6. HP: 38/38 MP: 6/6
  2843 | D:3      | Reached skill level 5 in Axes
  3114 | D:3      | Found a faded altar of an unknown god.
  3427 | D:4      | Found a staircase to the Ecumenical Temple.
  3478 | Temple   | Entered the Ecumenical Temple
  3519 | D:4      | Blown up by an orc wizard

Skill      XL: |  1  2  3  4  5  6 |
---------------+-------------------+-----
Axes           | 3 4 5 |  5.4
Dodging        | 2 |  2.1
Fighting       | 4 |  4.4
Armour         | 3 |  3.6
Stealth        | |  0.2

Action                   |  1- 3 |  4- 6 || total
-------------------------+-------+-------++-------
Melee: Hand axe          |   124 |   226 ||   350
Invok: Berserk           |     1 |     3 ||     4
 Stab: Sleeping          |     1 |       ||     1
  Eat: Chunk             |       |    11 ||    11
Armor: Animal skin       |    33 |       ||    33
       Ring mail         |     6 |     9 ||    15
       Plate armour      |       |   154 ||   154
Dodge: Dodged            |    75 |    84 ||   159
